 Dungeon Crawl Stone Soup version 0.17-a0-2127-g1cb09f6 (webtiles) character file.

150 septik the Magician (level 5, -1/35 HPs)
             Began as a Mummy Wizard on Oct 22, 2015.
             Slain by Natasha (7 damage)
             ... on level 3 of the Dungeon.
             The game lasted 00:13:33 (3098 turns).

septik the Magician (Mummy Wizard)                  Turns: 3098, Time: 00:13:33

Health: -1/35      AC:  3    Str: 10    XL:     5   Next: 10%
Magic:  2/9        EV: 12    Int: 19    God:
Gold:   98         SH:  0    Dex: 10    Spells: 3 memorised, 4 levels left

rFire  x . .     SeeInvis .     l - +0 spear
rCold  + . .     Clarity  .     i - +0 robe
rNeg   + + +     SustAt   .     (no shield)
rPois  ∞         Gourm    .     o - +0 helmet
rElec  .         Spirit   .     (no cloak)
rCorr  .         Warding  .     (no gloves)
rMut   .         Stasis   .     (no boots)
MR     .....                    (no amulet)
Stlth  ++........               (no ring)
                                (no ring)

@: slowed, very slow, not resistant to hostile enchantments, unstealthy
A: no food or potions, fire vulnerability, cold resistance 1, negative energy
resistance 3, torment resistance, unbreathing
a: no special abilities


You were on level 3 of the Dungeon.
You were not hungry.

You visited 1 branch of the dungeon, and saw 3 of its levels.

You collected 98 gold pieces.

Inventory:

Hand Weapons
 d - a +0 club
 e - a +0 dagger
 f - a +2 dagger of venom
 l - a +0 spear (weapon)
Missiles
 j - 41 stones (quivered)
 k - 18 sling bullets
 m - 21 bolts
 q - 10 poisoned needles
Armour
 a - a +0 robe
 b - a +0 hat
 i - a +0 robe (worn)
 o - a +0 helmet (worn)
Jewellery
 g - a +4 ring of protection {unknown}
Wands
 r - a wand of teleportation (0)
Scrolls
 h - a scroll of teleportation {unknown}
 n - 2 scrolls of identify {unknown}
 p - a scroll of remove curse {unknown}
 s - a scroll of fog {unknown}
Books
 c - a book of Minor Magic

   Spells                             Type                      Level
   a - Magic Dart                     Conjuration                  1
   b - Blink                          Translocation                2
   c - Call Imp                       Summoning                    2
   d - Repel Missiles                 Charms/Air                   2
   e - Slow                           Hexes                        2
   f - Conjure Flame                  Conjuration/Fire             3
   g - Mephitic Cloud                 Conjuration/Poison/Air       3


   Skills:
 - Level 1.5 Dodging
 - Level 1.5 Stealth
 - Level 3.0 Spellcasting
 - Level 2.4 Conjurations
 - Level 0.7 Summonings
   Level 0.7 Translocations
 + Level 2.1 Air Magic
 + Level 1.9 Poison Magic


You had 4 spell levels left.
You knew the following spells:

 Your Spells              Type           Power        Failure   Level  Hunger
a - Magic Dart            Conj           ##..         8%          1    N/A
b - Call Imp              Summ           #.......     21%         2    N/A
c - Mephitic Cloud        Conj/Pois/Air  ##......     21%         3    N/A

Dungeon Overview and Level Annotations

Branches:
Dungeon (3/15)

Altars:

Annotations:
D:3 Natasha


Innate Abilities, Weirdness & Mutations

You do not eat or drink.
Your flesh is vulnerable to fire.
You are immune to poison.
Your flesh is cold resistant.
You are immune to negative energy.
You are immune to unholy pain and torment.
You can survive without breathing.


Message History

You hit the white imp but do no damage.
The white imp is heavily wounded.
Your crimson imp closely misses the white imp.
The crimson imp shouts, "Give in, thou unhinged tardy-gaited flirt-gill!"
The white imp hits you. The white imp freezes you. You resist.
Natasha barely misses your crimson imp. The white imp closely misses you.
Your crimson imp blinks!
The white imp gestures at you. The puff of frost hits you! You resist.
* * * LOW HITPOINT WARNING * * *
Natasha casts a spell at you.
You feel as though you will be slow longer.
The white imp closely misses you. Natasha closely misses you.
The white imp barely misses you.
The crimson imp blinks!
The white imp gestures at you. The puff of frost hits you! You resist.
* * * LOW HITPOINT WARNING * * *
Your crimson imp barely misses the white imp.
The crimson imp blinks!
Your crimson imp hits the white imp.
Natasha claws you!
You die...

######### #.......#
#5#####.# #@# #.# #######
. #h# #.####......
....####5#####...)<......
...5....5§....#####†.....
######..5........#....###
#!.......##.#.##.#
#.........#.#.# .#
#.#.##........# #
#.............#


You could see Natasha, a crimson imp, 2 white imps and a friendly crimson imp.

Vanquished Creatures
  Natasha (D:3)
  4 adders (D:2)
  An ooze (D:1)
  3 worms (D:2)
  A giant gecko (D:1)
  2 ball pythons
  2 giant cockroaches (D:1)
  8 goblins
  5 hobgoblins
  A jackal (D:1)
  8 kobolds
  10 bats
  2 giant newts
  A quokka (D:2)
  5 rats
54 creatures vanquished.

Vanquished Creatures (collateral kills)
  Ijyb (D:2)
  2 adders (D:2)
  A worm (D:2)
  2 hobgoblins (D:1)
  A goblin (D:1)
  3 jackals (D:1)
  3 kobolds
13 creatures vanquished.

Grand Total: 67 creatures vanquished

Notes
Turn   | Place    | Note
--------------------------------------------------------------
     0 | D:1      | septik the Mummy Wizard began the quest for the Orb.
     0 | D:1      | Reached XP level 1. HP: 13/13 MP: 4/4
    17 | D:1      | Reached skill level 1 in Conjurations
   247 | D:1      | Reached XP level 2. HP: 17/19 MP: 3/6
   251 | D:1      | Learned a level 2 spell: Call Imp
  1194 | D:1      | Reached XP level 3. HP: 24/24 MP: 5/7
  1199 | D:1      | Learned a level 3 spell: Mephitic Cloud
  1982 | D:2      | Reached skill level 1 in Air Magic
  2058 | D:2      | Reached skill level 1 in Poison Magic
  2124 | D:2      | Reached XP level 4. HP: 28/30 MP: 3/8
  2452 | D:2      | Noticed Ijyb
  2467 | D:2      | Killed Ijyb
  2982 | D:3      | Noticed Natasha
  3084 | D:3      | Killed Natasha
  3084 | D:3      | Reached XP level 5. HP: 25/35 MP: 7/9
  3086 | D:3      | Noticed Natasha
  3098 | D:3      | Slain by Natasha

Vault maps used:
D:1:      roderic_chinese_lattice_arrival, st_stairs_4, serial_park_tiny_1,
          nrook_loot_triangle
D:2:      uniq_iyjb
D:3:      lemuel_round_altar, minmay_misc_feat_x, minmay_door_square,
          uniq_natasha

Action                   |  1- 3 |  4- 6 || total
-------------------------+-------+-------++-------
Melee: Dagger            |    31 |       ||    31
       Spear             |    27 |    38 ||    65
 Cast: Magic Dart        |    83 |    39 ||   122
       Call Imp          |    12 |    11 ||    23
